 Dungeon Crawl Stone Soup version 0.20-a0-850-ge5a7832 (webtiles) character file.

2041 dvd the Stinger (level 9, -1/54 HPs)
             Began as an Octopode Venom Mage on Mar 10, 2017.
             Was an Initiate of Yredelemnul.
             Slain by a centaur (9 damage)
             ... on level 5 of the Dungeon.
             The game lasted 00:24:25 (7419 turns).

dvd the Stinger (Octopode Venom Mage)               Turns: 7419, Time: 00:24:26

Health: -1/54      AC:  1    Str:  7    XL:     9   Next: 24%
Magic:  6/17       EV: 15    Int: 21    God:    Yredelemnul [......]
Gold:   310        SH:  0    Dex: 16    Spells: 12/19 levels left

rFire    + . .     SeeInvis .   H - +2 quarterstaff (chaos)
rCold    . . .     Gourm    .   (shield currently unavailable)
rNeg     . . .     Faith    .   (helmet restricted)
rPois    .         Spirit   .   (no amulet)
rElec    .         Reflect  .   E - +4 ring of dexterity
rCorr    .         Harm     .   J - ring of protection from fire
MR       .....                  (no ring)
Stlth    ++++......             (no ring)
Regen    0.2/turn               (no ring)
MPRegen  0.2/turn               (no ring)
                                (no ring)
                                (no ring)

@: hasted, very quick
A: almost no armour, stealthy swim, amphibious, 8 rings, constrict 8, camouflage
1, gelatinous body 1
a: Renounce Religion


You were on level 5 of the Dungeon.
You worshipped Yredelemnul.
Yredelemnul was noncommittal.
You were hungry.

You visited 2 branches of the dungeon, and saw 7 of its levels.

You collected 310 gold pieces.

Inventory:

Hand Weapons
 a - a +2 whip of venom
 f - a +0 whip
 g - a +0 hand axe
 s - a +0 quarterstaff
 u - a +0 rapier
 w - a +1 dagger of venom
 A - a +0 long sword
 B - a +1 dagger of venom
 H - a +2 quarterstaff of chaos (weapon)
 I - a +1 whip of freezing
Missiles
 z - a javelin (quivered)
Armour
 r - a +0 large shield
Jewellery
 E - a +4 ring of dexterity (left tentacle)
 J - a ring of protection from fire (right tentacle)
Wands
 p - a wand of random effects (17/48)
Scrolls
 c - 3 scrolls of remove curse
 d - 7 scrolls of teleportation {unknown}
 h - 7 scrolls of identify {unknown}
 l - 2 scrolls of enchant weapon {unknown}
 n - a scroll of enchant armour {unknown}
 q - a scroll of immolation {unknown}
 t - a scroll of noise {unknown}
 D - a scroll of magic mapping {unknown}
 G - a scroll of random uselessness {unknown}
Potions
 e - 2 potions of ambrosia {unknown}
 i - a potion of might {unknown}
 j - a potion of brilliance {unknown}
 k - a potion of haste
 m - 2 potions of curing {unknown}
 v - 2 potions of agility {unknown}
 C - a potion of berserk rage {unknown}
 F - a potion of resistance
Books
 y - a Young Poisoner's Handbook

   Spells                             Type                      Level
   a - Sting                          Conjuration/Poison           1
   b - Poisonous Vapours              Poison/Air                   2
   c - Mephitic Cloud                 Conjuration/Poison/Air       3
   d - Olgreb's Toxic Radiance        Poison                       4
   e - Venom Bolt                     Conjuration/Poison           5
Comestibles
 b - 3 bread rations
 o - 2 royal jellies
 x - a meat ration
 K - 3 chunks of flesh


   Skills:
 + Level 2.2 Fighting
 + Level 0.4 Short Blades
 + Level 3.4 Maces & Flails
 + Level 0.2(2.0) Staves
 + Level 3.3 Throwing
 + Level 3.4 Dodging
 + Level 4.2 Stealth
 + Level 5.6 Spellcasting
 + Level 1.5 Conjurations
 + Level 4.7 Air Magic
 + Level 7.6 Poison Magic


You had 12 spell levels left.
You knew the following spells:

 Your Spells              Type           Power        Failure   Level  Hunger
a - Sting                 Conj/Pois      ####         1%          1    None
b - Poisonous Vapours     Pois/Air       ####..       1%          2    None
c - Olgreb's Toxic Radia  Pois           #####...     4%          4    ####...


Dungeon Overview and Level Annotations

Branches:
Dungeon (6/15)             Temple (1/1) D:5

Altars:
Ashenzari
Cheibriados
Dithmenos
Elyvilon
Fedhas
Gozag
Hepliaklqana
Kikubaaqudgha
Makhleb
Nemelex Xobeh
Okawaru
Qazlal
Ru
Sif Muna
Trog
Uskayaw
Vehumet
Wu Jian
Xom
Yredelemnul
Zin
The Shining One

Annotations:
D:4 dvd's ghost, amateur DDFi
D:5 nubinia's ghost, novice OpFE


Innate Abilities, Weirdness & Mutations

You cannot wear most types of armour.
You are very stealthy in the water. (Stealth+)
You are amphibious.
You can wear up to eight rings at the same time.
You can use your tentacles to constrict eight enemies at once.
Your skin changes colour to match your surroundings (Stealth+).
Your rubbery body absorbs attacks. (AC +1, EV +1)


Message History

The rat closely misses you.
A river rat comes into view.
The quokka twitches its whiskers.
The rat bites you. The rat misses you.
A quokka comes into view.
You see here a sky beast corpse.
A centaur comes into view.
The centaur wields a shortbow.
The centaur shoots an arrow.
The arrow hits you!
You see here an arrow.
The centaur shoots an arrow.
The arrow hits you!
* * * LOW HITPOINT WARNING * * *
You see here an arrow.
The centaur unwields an uncursed shortbow.
The centaur barely misses you.
Unknown command.
It was a potion of haste.
You feel yourself speed up.
The sentinel's mark upon you fades away.
The centaur hits you!
You die...
Your body rises from the dead as a mindless zombie.

#.# #.....#
###.# #..#.##
##...## #..#.#
#..#..###..#.#
#.###......#.#
#..#.........#
##...####<...#
##c## #....#
#@# ##...# #r#
#..## #(# #..#
#r#
#..########
######r##
#..........
#.r..r(.#
##.########
#r#####)# #.#
#W# #.# #.#
#.#


You could see a centaur, nubinia's ghost, a river rat, a quokka and 2 rats.

Vanquished Creatures
  Pikel (D:6)
  Sigmund (D:6)
  A sky beast (D:5)
  3 phantoms
  2 slaves (D:6)
  4 ogres
  Blork the orc (D:6)
  A scorpion (D:5)
  2 orc priests (D:5)
  A jelly (D:5)
  A hound (D:4)
  Crazy Yiuf (D:6)
  A bullfrog skeleton (D:4)
  2 orc wizards
  A centaur skeleton (D:4)
  2 iguanas
  Jessica (D:3)
  Ijyb (D:3)
  2 worker ants (D:4)
  9 adders
  A river rat (D:5)
  6 worms
  2 dart slugs (D:1)
  5 leopard geckos
  16 orcs
  A ball python (D:3)
  8 bats
  6 giant cockroaches
  3 goblins (D:1)
  9 hobgoblins
  3 jackals (D:3)
  12 kobolds
  2 quokkas
  7 frilled lizards
  A jackal skeleton (D:4)
  A quokka skeleton (D:5)
  7 rats
  A fungus (D:6)
129 creatures vanquished.

Notes
Turn   | Place    | Note
-------+----------+-------------------------------------------
     0 | D:1      | dvd the Octopode Venom Mage began the quest for the Orb.
     0 | D:1      | Reached XP level 1. HP: 11/11 MP: 3/3
   169 | D:1      | Reached XP level 2. HP: 17/17 MP: 1/5
   173 | D:1      | Learned a level 2 spell: Poisonous Vapours
   225 | D:1      | Reached skill level 4 in Poison Magic
   733 | D:1      | Reached XP level 3. HP: 21/21 MP: 1/6
  1136 | D:2      | Reached XP level 4. HP: 27/27 MP: 2/7
  1197 | D:2      | Reached skill level 1 in Air Magic
  1563 | D:3      | Noticed Ijyb
  1578 | D:3      | Killed Ijyb
  1687 | D:3      | Learned a level 4 spell: Olgreb's Toxic Radiance
  1829 | D:3      | Noticed Jessica
  1845 | D:3      | Reached XP level 5. HP: 31/31 MP: 4/9
  1848 | D:3      | Killed Jessica
  2071 | D:3      | Reached skill level 5 in Poison Magic
  2340 | D:3      | Reached skill level 1 in Maces & Flails
  2511 | D:3      | Reached XP level 6. HP: 37/37 MP: 7/11
  2648 | D:4      | Noticed dvd's ghost (amateur DDFi)
  2694 | D:4      | Noticed a phantom
  3166 | D:4      | Reached XP level 7. HP: 41/42 MP: 0/12
  3578 | D:4      | Reached skill level 1 in Fighting
  3918 | D:4      | Reached skill level 1 in Throwing
  4409 | D:4      | Found an ancient bone altar of Kikubaaqudgha.
  5152 | D:5      | Entered Level 5 of the Dungeon
  5233 | D:5      | Noticed nubinia's ghost (novice OpFE)
  5389 | D:5      | Reached XP level 8. HP: 48/48 MP: 7/14
  5705 | D:5      | Found a staircase to the Ecumenical Temple.
  5716 | Temple   | Entered the Ecumenical Temple
  5878 | Temple   | Became a worshipper of Yredelemnul the Dark
  5953 | D:5      | Reached skill level 6 in Poison Magic
  6434 | D:6      | Noticed Blork the orc
  6443 | D:6      | Killed Blork the orc
  6606 | D:6      | Noticed Pikel
  6624 | D:6      | Killed Pikel
  6624 | D:6      | Reached skill level 5 in Spellcasting
  6624 | D:6      | Reached skill level 7 in Poison Magic
  6624 | D:6      | Reached XP level 9. HP: 54/54 MP: 9/16
  6757 | D:6      | Noticed Sigmund
  6777 | D:6      | Killed Sigmund
  7252 | D:6      | Found a runed door.
  7256 | D:6      | Noticed Crazy Yiuf
  7269 | D:6      | Killed Crazy Yiuf
  7419 | D:5      | Slain by a centaur

Vault maps used:
D:1:      saegor_arrival_simple_b, nrook_mini_vaults
D:3:      uniq_jessica, uniq_iyjb
D:4:      lemuel_round_altar, serial_bayou, serial_bayou_pond_c,
          serial_bayou_pond_a, serial_bayou_ford_a, serial_bayou_pond_c,
          amethyst_killhole
D:5:      lemuel_ratsnest, minmay_temple_entry_nine_rooms, first_bread
D:6:      minmay_misc_feat_enclosed, uniq_pikel, uniq_sigmund,
          uniq_crazy_yiuf_cottage, uniq_blork_the_orc
Temple:   nicolae_temple_the_god_donut

Skill      XL: |  1  2  3  4  5  6  7  8 |
---------------+-------------------------+-----
Poison Magic   | 4 5 7 |  7.6
Stealth        | 3 4 |  4.2
Air Magic      | 1 3 4 |  4.7
Spellcasting   | 3 4 5 |  5.6
Maces & Flails | 1 2 3 |  3.4
Fighting       | 1 2 |  2.2
Throwing       | 2 3 |  3.3
Dodging        | 3 |  3.4
Short Blades   | |  0.4
Staves         | |  0.2
Conjurations   | |  1.5

Action                   |  1- 3 |  4- 6 |  7- 9 || total
-------------------------+-------+-------+-------++-------
Melee: Whip              |    13 |    47 |   115 ||   175
       Tentacles         |     4 |     7 |    24 ||    35
       Constrict         |     4 |    17 |    14 ||    35
       Dagger            |     2 |    14 |       ||    16
       Quarterstaff      |       |       |    10 ||    10
Throw: Javelin           |       |     2 |    39 ||    41
 Cast: Sting             |    11 |    15 |     7 ||    33
       Poisonous Vapours |    21 |    41 |    40 ||   102
       Olgreb's Toxic Ra |       |     5 |     7 ||    12
  Use: Scroll            |     1 |       |       ||     1
       Potion            |       |       |     1 ||     1
 Stab: Sleeping          |       |     1 |       ||     1
  Eat: Chunk             |     2 |     9 |    15 ||    26
Armor: Skin              |       |     5 |     5 ||    10
Dodge: Dodged            |    12 |    32 |    59 ||   103
